Map: Voracity

Players

xZetsxno

  • Race: Zerg Zerg
  • Spawn Location: 1:00

ptityo

  • Race: Protoss Protoss
  • Spawn Location: 1:00

Slimmyfrench

  • Race: Protoss Protoss
  • Spawn Location: 1:00

SohanSpecter - Winner!

  • Race: Zerg Zerg
  • League: Platinum
  • Spawn Location: 7:00

ElNinoPat - Winner!

  • Race: Zerg Zerg
  • Spawn Location: 7:00

KuKuBaD - Winner!

  • Race: Terran Terran
  • League: Gold
  • Spawn Location: 7:00

VOD

Have the link to the VOD?

Description

Time

  • Played on: Jan. 24, 2025, 5:19 p.m.
  • Length: 8:07
Show
View Real Time Build Order
Export as new Build Order

xZetsxno Zerg 

Build Orders: Pool First 

Get SALT Encoding   

  12  0:01  Drone  
  13  0:13  Overlord  
  13  0:17  Drone  
  14  0:29  Extractor  
  14  0:35  Drone x2  
  15  0:52  Spawning Pool  
  14  1:03  Overlord  
  15  1:04  Drone x2  
  16  1:13  Evolution Chamber  
  15  1:20  Drone  
  16  2:03  Zerg Melee Weapons Level 1  
  16  2:05  Queen  
  18  2:13  Extractor  
  17  2:28  Hatchery  
  16  2:44  Drone x2  
  16  2:45  Drone  
  20  3:09  Lair  
  20  3:20  Hatchery  
  20  3:21  Drone x3  
  22  3:36  Hatchery  
  22  3:39  Drone  
  22  3:45  Zergling x2  
  23  3:57  Zerg Ground Armor Level 1  
  23  4:13  Infestation Pit  
  23  4:31  Drone  
  23  4:37  Drone  
  24  4:39  Queen  
  26  5:08  Hive  
  26  5:25  Infestor  
  26  5:27  Swarm Host  
  29  5:29  Zergling x4  
  29  5:32  Overlord x4  
  27  5:51  Zerg Melee Weapons Level 2  
Show
View Real Time Build Order
Export as new Build Order

ptityo Protoss 

Build Orders: 1 Gate Expand 

Get SALT Encoding   

  12  0:01  Probe  
  13  0:13  Probe  
  14  0:25  Pylon  
  14  0:26  Probe  
  15  0:43  Probe  
  16  0:54  Gateway  
  16  0:55  Probe  
  17  1:03  Probe  
  17  1:04  Forge  
  18  1:33  Nexus  
  18  1:42  Photon Cannon  
  18  1:55  Gateway  
  18  2:02  Photon Cannon  
  18  2:06  Probe  
  18  2:14  Probe  
  20  2:24  Probe  
  20  2:25  Cybernetics Core  
  21  2:32  Assimilator  
  21  2:34  Assimilator  
  21  2:51  Probe  
  22  2:59  Probe  
  23  3:08  Probe  
  24  3:21  Probe, Pylon  
  25  3:29  Pylon  
  25  3:31  Probe  
  25  3:32  Probe  
  27  3:40  Probe  
  27  3:41  Probe  
  29  3:48  Probe  
  29  3:49  Probe  
  29  3:53  Stargate  
  31  3:58  Probe  
  31  3:59  Probe  
  31  4:01  Stargate  
  33  4:06  Assimilator  
  33  4:10  Probe  
  33  4:11  Probe  
  33  4:15  Assimilator  
  33  4:17  Pylon  
  34  4:19  Pylon  
  34  4:25  Photon Cannon  
  34  4:34  Stargate  
  34  5:01  Probe  
  34  5:02  Probe  
  36  5:09  Probe  
  36  5:10  Probe  
  36  5:12  Void Ray  
  38  5:14  Void Ray  
  38  5:19  Probe x2  
  52  5:31  Probe x2  
  54  5:43  Probe x2  
Show
View Real Time Build Order
Export as new Build Order

Slimmyfrench Protoss 

Build Orders:  

Get SALT Encoding   

  1  0:00  Probe  
  12  0:06  Probe  
  14  0:20  Pylon  
  14  0:30  Probe  
  15  0:41  Gateway  
  15  0:42  Probe  
  16  0:57  Forge  
  16  0:58  Probe  
  17  1:04  Assimilator  
  17  1:07  Assimilator  
  17  1:11  Probe  
  18  1:20  Probe  
  19  1:28  Probe  
  20  1:37  Probe, Photon Cannon  
  20  1:46  Photon Cannon  
  21  1:49  Probe  
  22  1:59  Cybernetics Core  
  22  2:06  Pylon  
  22  2:09  Probe  
  23  3:00  Nexus  
  23  3:10  Stargate  
  23  3:12  Stargate  
  23  3:15  Pylon  
  23  3:20  Assimilator  
  23  3:25  Assimilator  
  23  3:30  Probe  
  24  3:38  Probe  
  24  3:44  Protoss Air Weapons Level 1  
  25  4:00  Oracle x2  
  31  4:07  Probe  
  32  4:19  Probe  
  33  4:24  Stargate  
  33  4:28  Probe  
  33  4:31  Probe  
  34  4:36  Probe  
  36  4:46  Probe  
  38  4:55  Void Ray  
  35  5:29  Photon Cannon  
  35  5:31  Shield Battery  
  43  5:36  Pylon  
  43  5:41  Void Ray x2  
  47  6:10  Probe  
  33  6:18  Probe  
  29  6:29  Probe  
  29  6:30  Void Ray  
  29  6:41  Probe  
  29  6:46  Pylon  
  28  6:51  Pylon  
  28  6:53  Probe  
Show
View Real Time Build Order
Export as new Build Order

SohanSpecter Zerg - Winner!

Build Orders: Hatch First 

Get SALT Encoding   

  12  0:16  Overlord  
  12  0:24  Drone  
  13  0:33  Drone  
  14  0:41  Drone x2  
  16  0:51  Drone  
  17  1:00  Hatchery  
  16  1:04  Drone  
  17  1:17  Spawning Pool  
  16  1:21  Drone  
  16  1:22  Extractor  
  16  1:23  Drone  
  17  1:53  Hatchery, Drone x3  
  19  2:07  Roach Warren  
  18  2:10  Drone  
  19  2:15  Drone  
  19  2:19  Drone  
  21  2:25  Metabolic Boost  
  21  2:31  Drone  
  21  2:32  Drone  
  23  2:38  Extractor  
  23  2:43  Drone x2  
  24  2:51  Queen  
  27  2:56  Overlord  
  27  3:04  Queen  
  29  3:08  Drone  
  29  3:09  Drone  
  31  3:18  Queen  
  33  3:21  Drone  
  33  3:22  Drone  
  35  3:35  Roach x2  
  35  3:36  Roach  
  35  3:37  Overlord  
  41  3:51  Lair  
  41  4:02  Roach x3  
  47  4:12  Overlord x2  
  47  4:13  Overlord x3  
  47  4:18  Roach  
  49  4:35  Roach x3  
  55  4:45  Roach  
  57  4:58  Roach  
  57  4:59  Overlord x4  
  59  5:15  Roach x2  
  59  5:20  Roach  
  61  6:09  Roach x5  
  71  6:18  Roach  
  73  6:20  Zergling x30  
  88  6:42  Zergling x8  
  92  6:52  Zergling x2  
  92  6:53  Zergling x4  
  95  6:57  Zergling x4  
  97  7:13  Zergling x6  
  97  7:14  Zergling x2  
  100  7:19  Drone x10  
  105  7:31  Zergling x6  
  102  7:45  Zergling x2  
  102  7:46  Zergling x6  
Show
View Real Time Build Order
Export as new Build Order

ElNinoPat Zerg - Winner!

Build Orders: Hatch First 

Get SALT Encoding   

  12  0:02  Drone  
  13  0:12  Overlord  
  13  0:19  Drone  
  14  0:34  Drone x2  
  16  0:48  Hatchery  
  15  0:52  Drone  
  15  0:55  Drone  
  17  1:09  Spawning Pool  
  16  1:17  Drone  
  17  1:21  Extractor  
  16  1:26  Drone  
  16  1:27  Drone  
  16  1:31  Drone  
  19  1:49  Overlord  
  19  1:58  Queen, Drone  
  19  1:59  Queen  
  24  2:04  Overlord  
  24  2:18  Drone x2  
  24  2:19  Drone  
  27  2:27  Roach Warren  
  27  2:29  Drone  
  27  2:31  Drone  
  28  2:53  Drone  
  28  2:54  Overlord, Drone  
  30  2:58  Overlord  
  30  2:59  Overlord  
  30  3:04  Overlord  
  30  3:06  Overlord  
  30  3:25  Roach x6  
  42  3:42  Roach x4  
  42  3:44  Roach  
  42  3:46  Roach  
  54  4:00  Roach  
  56  4:04  Overlord  
  56  4:06  Roach  
  58  4:15  Roach  
  60  4:40  Drone  
  60  4:41  Drone x2  
  60  4:42  Extractor  
  62  4:48  Lair  
  62  4:58  Drone x2  
  62  4:59  Drone x5  
  69  5:01  Extractor  
  69  5:03  Spore Crawler  
  69  5:05  Extractor  
  66  5:10  Spore Crawler  
  64  5:19  Drone x3  
  64  5:20  Drone x3  
  44  6:44  Hydralisk Den  
  39  6:48  Overlord x2  
  39  6:56  Drone x2  
  39  6:57  Drone  
  39  7:01  Drone x5  
  47  7:23  Hydralisk x3  
  47  7:24  Hydralisk x4, Hatchery  
  47  7:29  Hydralisk x2  
  64  7:39  Hydralisk x2  
  64  7:40  Hydralisk x2  
Show
View Real Time Build Order
Export as new Build Order

KuKuBaD Terran - Winner!

Build Orders:  

Get SALT Encoding   

  12  0:00  SCV  
  13  0:12  SCV  
  14  0:18  Supply Depot  
  14  0:25  SCV  
  15  0:40  SCV, Barracks  
  16  0:52  SCV  
  17  0:59  Barracks  
  17  1:04  SCV  
  17  1:05  Refinery  
  18  1:18  SCV  
  19  1:28  Marine  
  21  1:41  Orbital Command  
  20  1:48  Barracks Reactor  
  20  1:50  Marine  
  21  2:01  Command Center  
  21  2:08  Marine  
  22  2:16  Refinery, SCV  
  23  2:32  Barracks Tech Lab  
  23  2:38  Factory  
  23  2:57  Stimpack  
  23  3:05  Supply Depot  
  23  3:12  SCV, Marine x2  
  26  3:23  Marine  
  26  3:24  SCV  
  28  3:29  Supply Depot, Factory Tech Lab  
  28  3:30  Marine x2  
  30  3:36  Starport  
  30  3:37  SCV  
  31  3:41  Marine  
  31  3:48  Marine x2  
  34  3:49  SCV  
  35  3:57  Siege Tank  
  35  3:59  Marine  
  39  4:04  Supply Depot  
  39  4:05  Marine  
  39  4:09  Engineering Bay  
  40  4:10  Marine  
  41  4:17  Marine  
  42  4:24  Medivac  
  42  4:26  Marine  
  42  4:28  Marine  
  46  4:36  Combat Shield  
  48  4:43  Siege Tank  
  49  5:01  Marine  
  49  5:02  Marine x2  
  52  5:08  SCV x2  
  52  5:11  Missile Turret  
  54  5:15  Missile Turret  
  54  5:19  Marine, Siege Tank  
  54  5:20  SCV  
  59  5:47  Medivac  
  59  5:48  Marine  
  62  5:58  Marine  
  62  6:07  Marine  
  62  6:29  Marine  
  62  6:30  Marine  
  62  6:31  Marine  
  61  6:33  Medivac  
  61  6:37  Siege Tank  
  61  6:38  Supply Depot  
  61  6:39  Supply Depot  
  61  6:47  Marine  
  61  6:48  Marine  
  61  6:49  Marine  
  61  6:50  SCV  
  65  7:03  Medivac  
  65  7:05  Marine  
  65  7:06  Marine x2  
  60  7:19  Barracks  
  57  7:23  Marine  
  57  7:24  Marine x2  
  57  7:40  Marine  
  57  7:41  Marine  
  57  7:42  Marine  
  60  7:50  SCV  
Tags
 
Add a new tag
Caveats
  • Supply blocks, unpowered buildings, or Contaminate may cause inaccurate times.
  • Supply counts are checked every 10 seconds.